AoeStats
← MrMouseCZE

Arabia

509930053Analyzed
1v1 RM · 5d ago on Sep 28, 2026· 37m 42s· 2 players
Game mode
Random Map
Map size
Tiny (2 player)
Population
200
Speed
Normal
Resources
Standard
Victory
Conquest
Starting age
Dark Age
Ending age
Imperial Age
RankedLock teamsTeams togetherTeam positionsShared explorationLock speedFull tech treeHidden civsTurbo modeCheats
Victory
Defeat
🇨🇦 Varangians · Canada
974
+15
🇨🇿 Byzantines · Czechia
961
-15
MrMouseCZE
6:50 Loom
10:49 Feudal Age
11:23 Horse Collar
11:47 Double-Bit Axe
22:46 Castle Age
20:36 Man-at-Arms
21:50 Arson
22:26 Forging
23:14 Wheelbarrow
23:33 Fletching
23:50 Scale Mail Armor
23:14 Long Swordsman
23:39 Gambesons
26:22 Squires
26:26 Pikeman
santa7785
4:30 Loom
10:02 Feudal Age
10:47 Double-Bit Axe
14:00 Bloodlines
21:14 Castle Age
19:44 Gold Mining
19:37 Horse Collar
20:44 Scale Barding Armor
20:52 Town Watch
21:26 Forging
22:56 Heavy Plow
23:23 Husbandry
25:39 Iron Casting
26:37 Chain Barding Armor
30:07 Wheelbarrow
30:10 Bow Saw
33:45 Stone Mining
37:16 Imperial Age
36:28 Fletching
Connection lost

Rejoining the realm…

Still unreachable

The connection could not be restored.

Session expired

The server has moved on; the page needs a fresh start.